 Dungeon Crawl Stone Soup version 0.30-a0-219-gf2db51d15e (webtiles) character file.

Game seed: 357304967072928338

7436 kae the Grappler (level 11, -10/99 HPs)
             Began as a Ghoul Gladiator on Oct 6, 2022.
             Was a Follower of Wu Jian.
             Mangled by a tyrant leech (27 damage)
             ... on level 10 of the Dungeon.
             The game lasted 00:07:44 (11027 turns).

kae the Grappler (Ghoul Gladiator)                 Turns: 11027, Time: 00:07:44

Health: -10/99     AC: 10    Str: 21    XL:     11   Next: 15%
Magic:  10/10      EV: 13    Int:  5    God:    Wu Jian [*.....]
Gold:   486        SH:  5    Dex: 14    Spells: 10/10 levels left

rFire   . . .      SeeInvis .      - Unarmed
rCold   + . .      Faith    .    (no shield)
rNeg    + + +      Spirit   .    A - +2 ring mail of Existentialism {rPois Will+ Dex+4}
rPois   ∞          Reflect  +    b - +1 helmet
rElec   .          Harm     .    (no cloak)
rCorr   .          Rampage  .    (no gloves)
Will    ++...                    (no boots)
Stlth   +.........               j - amulet of reflection
HPRegen 0.00/turn                m - ring of willpower
MPRegen 0.12/turn                L - ring of flight

@: flying, inhibited regen
A: claws 1, cold resistance 1, negative energy resistance 3, inhibited
regeneration, torment resistance 2, devour on kill
a: Renounce Religion


You were on level 10 of the Dungeon.
You worshipped Wu Jian.
Wu Jian was aware of your devotion.
You visited 2 branches of the dungeon, and saw 11 of its levels.

You collected 544 gold pieces.
You spent 58 gold pieces at shops.


Innate Abilities, Weirdness & Mutations

You are immune to poison.
You have sharp fingernails.
Your flesh is cold resistant. (rC+)
You are immune to negative energy. (rN+++)
You do not regenerate when monsters are visible.
You are immune to unholy pain and torment.
You thrive by killing the living.


   Skills:
 + Level 10.0 Fighting
 - Level 1.7 Throwing
 + Level 4.1 Armour
 + Level 5.2 Dodging
 * Level 14.0 Unarmed Combat


You had 10 spell levels left.
You didn't know any spells.
Your spell library contained the following spells:

 Spells                   Type           Power      Damage    Failure   Level
 Freeze                   Ice            0%         1d3       65%         1
 Kiss of Death            Conj/Necr      0%         2d5       65%         1
 Ensorcelled Hibernation  Hex/Ice        0%         N/A       78%         2
 Confusing Touch          Hex            0%         N/A       95%         3
 Frozen Ramparts          Ice            0%         1d1       95%         3
 Hailstorm                Conj/Ice       0%         3d3       95%         3
 Ignite Poison            Fire/Tmut/Pois 0%         N/A       95%         3
 Inner Flame              Hex/Fire       0%         N/A       95%         3
 Ozocubu's Armour         Ice            0%         N/A       95%         3
 Anguish                  Hex/Necr       0%         N/A       100%        4
 Animate Dead             Necr           0%         N/A       100%        4
 Dispel Undead            Necr           0%         3d6       100%        4
 Flame Wave               Conj/Fire      0%         2d4       100%        4
 Sticky Flame             Conj/Fire      0%         2d3       100%        4
 Borgnjor's Vile Clutch   Necr/Erth      0%         N/A       100%        5
 Metabolic Englaciation   Hex/Ice        0%         N/A       100%        5
 Death Channel            Necr           0%         N/A       100%        6
 Simulacrum               Ice/Necr       0%         N/A       100%        6
 Ignition                 Fire           0%         3d3       100%        8
 Spider Form              Tmut/Pois      Unusable   N/A       N/A         3

Inventory:

Missiles
 c - 5 throwing nets (quivered) {=f!f}
 d - a javelin
 f - 83 stones
 i - 29 poisoned darts
 p - 3 boomerangs
 s - 4 atropa-tipped darts
 D - a curare-tipped dart {=f}
Armour
 a - a +0 leather armour
 b - a +1 helmet (worn)
 A - the +2 ring mail of Existentialism (worn) {rPois Will+ Dex+4}
   (You found it on level 7 of the Dungeon)

   Dex:       It affects your dexterity (+4).
   rPois:     It protects you from poison.
   Will:      It increases your willpower.
Magical Staves
 B - a staff of air {!a}
   (You found it on level 7 of the Dungeon)
 G - a staff of death {!a}
   (You found it on level 9 of the Dungeon)
 H - a staff of air {!a}
   (You found it on level 10 of the Dungeon)
Jewellery
 j - an amulet of reflection (around neck)
   (You found it on level 1 of the Dungeon)
 m - a ring of willpower (left claw)
   (You found it on level 2 of the Dungeon)
 L - a ring of flight (right claw)
   (You took it off an orc on level 8 of the Dungeon)
 T - an amulet of faith {!P}
   (You took it off a centaur on level 7 of the Dungeon)
 Z - a ring of wizardry
   (You found it on level 7 of the Dungeon)
Wands
 t - a wand of charming (8)
   (You found it on level 5 of the Dungeon)
 C - a wand of roots (4)
   (You found it on level 7 of the Dungeon)
 E - a wand of flame (5)
   (You took it off an orc on level 8 of the Dungeon)
 F - a wand of acid (10)
   (You found it on level 8 of the Dungeon)
Scrolls
 r - 2 scrolls of silence {!r}
 u - 2 scrolls of fear
 y - 2 scrolls of enchant weapon
Potions
 e - 2 potions of attraction {!q}
 g - a potion of flight {unknown}
 h - 4 potions of heal wounds {unknown}
 k - 6 potions of curing {@q1}
 l - 3 potions of brilliance
 n - a potion of invisibility
 o - 2 potions of degeneration {unknown}
 q - a potion of berserk rage {unknown}
 v - a potion of cancellation {unknown}
 w - 2 potions of lignification
 x - 3 potions of mutation {unknown}
 z - a potion of might

Dungeon Overview and Level Annotations

Branches:
Dungeon (10/15) Zot: 26879  Temple (1/1) D:7 Zot: 5963    Lair (0/5) D:9
    Orc (0/2) D:9

Altars:
Ashenzari
Cheibriados
Dithmenos
Gozag
Makhleb
Nemelex Xobeh
Okawaru
Qazlal
Ru
Sif Muna
Trog
Uskayaw
Vehumet
Wu Jian
Xom

Shops:
D:5 *

Annotations:
D:4 3 runed translucent doors, qtw55's ghost, novice GrEE

## ..# #.# #.#
#####.# #...#.######
...##.†........##
......w@........####
.#.#.#.#...<.......#
#.#..##<...##.##
#.#..##.#.###..#
#....##.#.# ##'#
#....##†#.# #_#
#.#.###.#.# ###
#.#.# ..... ....#
.####


You could see a tyrant leech.


Message History

The Council accepts your kill.
You feel better.
Your Fighting skill increases to level 10!
You closely miss the vampire mosquito. Your claw misses the vampire mosquito.
The vampire mosquito bites you! 😕 HP[-4]
You take 4 damage, and now have 92/99 hp.
A vampire mosquito is nearby!
You completely miss the vampire mosquito.
The vampire mosquito bites you. x2
You claw the vampire mosquito!
The vampire mosquito closely misses you. 😕 HP[-8]
You take 8 damage, and now have 84/99 hp.
You claw the vampire mosquito!
You destroy the vampire mosquito!
The Council accepts your kill.
No target in view!
H - a staff of air {!a} You now have 486 gold pieces (gained 19).
You reach down and open the door.
Found a snail-covered altar of Cheibriados. 😎 HP[+15]
Your hp is fully restored (99).
No target in view!
No target in view!
There is a stone staircase leading up here.
A vampire mosquito and a tyrant leech come into view.
A vampire mosquito comes into view.
The vampire mosquito buzzes angrily.
You claw the vampire mosquito!
You claw the vampire mosquito, but do no damage.
The vampire mosquito bites you.
The tyrant leech closely misses you. 😕 HP[-2]
You take 2 damage, and now have 97/99 hp.
There are monsters nearby!
There are monsters nearby!
There are monsters nearby!
You mangle the vampire mosquito!!
You destroy the vampire mosquito!
The Council accepts your kill.
Your Unarmed Combat skill increases to level 14!
You miss the tyrant leech. The tyrant leech barely misses you.
The vampire mosquito barely misses you.
There are monsters nearby!
You completely miss the vampire mosquito.
The vampire mosquito bites you.
You scratch the vampire mosquito. The vampire mosquito misses you.
The tyrant leech misses you. 😕 HP[-3]
You take 3 damage, and now have 94/99 hp.
You scratch the vampire mosquito but do no damage.
You block the vampire mosquito's attack.
The vampire mosquito bites you!
The tyrant leech bites you but does no damage.
You claw the vampire mosquito!
You block the vampire mosquito's attack. 😕 HP[-10]
You take 10 damage, and now have 84/99 hp.
You claw the vampire mosquito!
The vampire mosquito bites you but does no damage.
The tyrant leech bites you but does no damage.
The vampire mosquito bites you.
You miss the vampire mosquito.
The vampire mosquito closely misses you. 😕 HP[-3]
You take 3 damage, and now have 81/99 hp.
You claw the vampire mosquito!
You destroy the vampire mosquito!
The Council accepts your kill. The tyrant leech bites you!!
You are too injured to fight recklessly! 😮 HP[-21]
You take 21 damage, and now have 60/99 hp.
MASSIVE DAMAGE!! (PAUSE)
You scratch the tyrant leech. You scratch the tyrant leech.
The tyrant leech bites you! 😮 HP[-7]
You take 7 damage, and now have 53/99 hp.
You closely miss the tyrant leech. The tyrant leech bites you!
* * * LOW HITPOINT WARNING * * *
😨 HP[-12]
You take 12 damage, and now have 41/99 hp.
You barely miss the tyrant leech. You closely miss the tyrant leech.
The tyrant leech completely misses you.
You claw the tyrant leech! The tyrant leech barely misses you.
You closely miss the tyrant leech. You closely miss the tyrant leech.
The tyrant leech bites you!!
* * * LOW HITPOINT WARNING * * *
😱 HP[-24]
You take 24 damage, and now have 17/99 hp.
MASSIVE DAMAGE!! (PAUSE)
You barely miss the tyrant leech. You claw the tyrant leech!
Your claw misses the tyrant leech.
The tyrant leech bites you but does no damage.
You scratch the tyrant leech. You block the tyrant leech's attack.
You claw the tyrant leech! You closely miss the tyrant leech.
You claw the tyrant leech! The tyrant leech bites you!!
You die...

Skill      XL: |  1  2  3  4  5  6  7  8  9 10 11 |
---------------+----------------------------------+-----
Unarmed Combat | 4 5 6 7 8 10 12 13 14 | 14.0
Fighting       | 3 4 5 7 8 9 10 | 10.0
Armour         | 1 3 4 |  4.1
Dodging        | 3 4 5 |  5.2
Throwing       | |  1.7

Action                   |  1- 3 |  4- 6 |  7- 9 | 10-12 || total
-------------------------+-------+-------+-------+-------++-------
Melee: Unarmed           |    95 |   174 |   274 |   248 ||   791
       Punch             |     2 |     4 |    16 |    11 ||    33
Invok: Lunge             |       |       |     1 |    16 ||    17
       Whirlwind         |       |       |       |     2 ||     2
Evoke: Wand              |       |       |     3 |       ||     3
  Use: Scroll            |     4 |     9 |     4 |     2 ||    19
Armor: Leather armour    |    28 |    31 |    45 |       ||   104
       Ring mail         |       |       |     2 |    35 ||    37
Dodge: Dodged            |    64 |    63 |   144 |    86 ||   357
Block: Other             |    12 |    30 |    58 |    39 ||   139
       Reflection        |     1 |       |     6 |     1 ||     8

Levels and vault maps discovered:
D:1:      evilmike_arrival_rings, layout_loops_cross,
          ebering_ecumenical_altar_box
D:2:      layout_loops_ring, basic_altar
D:3:      layout_basic, kennysheep_big_empty_room, minmay_misc_feat_cross,
          uniq_robin
D:4:      layout_layer_cave, okawaru_metal_pillars_1_2, gammafunk_ghost_split,
          hangedman_decor_opposing
D:5:      layout_loops_ring, minitemple, serial_shops, shop
D:6:      black_bear_nest_2, layout_basic, tso_oasis_becter
D:7:      layout_loops_ring, nicolae_qazlal_scattered_showers,
          lemuel_temple_firewalk_b
D:8:      layout_loops_corners, grunt_ministairs_6
D:9:      layout_stronghold, lair_entry_dummy, orc_0_dummy,
          nicolae_figureground_pulse
D:10:     layout_loops_ring, kennysheep_mini,
          lemuel_mausoleum_altar_yredelemnul, lemuel_doored_altar,
          mainiacjoe_overflow_surrounded_room, kennysheep_vampire_church,
          minmay_guarded_unrand_vampires_tooth
Temple:   hellmonk_temple_two_chambers

Notes
Turn   | Place    | Note
-------+----------+-------------------------------------------
     0 | D:1      | kae the Ghoul Gladiator began the quest for the Orb.
     0 | D:1      | Reached XP level 1. HP: 17/17 MP: 0/0
     0 | D:1      | magus.rc [v1.11.3]
    98 | D:1      | Found a faded altar of an unknown god.
   123 | D:1      | Reached XP level 2. HP: 14/25 MP: 1/1
   353 | D:1      | Reached skill level 4 in Unarmed Combat
   432 | D:1      | Reached XP level 3. HP: 30/30 MP: 2/2
   818 | D:2      | Reached skill level 3 in Fighting
   932 | D:2      | Reached XP level 4. HP: 23/38 MP: 3/3
  1077 | D:2      | Reached skill level 5 in Unarmed Combat
  1331 | D:2      | Found an opulent altar of Gozag.
  1867 | D:3      | Reached XP level 5. HP: 44/46 MP: 4/4
  2044 | D:3      | You pick up a book of Touch and begin reading...
  2044 | D:3      | You add the spells Kiss of Death, Confusing Touch and
                  | Dispel Undead to your library.
  2513 | D:3      | Noticed Robin
  2545 | D:3      | Reached skill level 4 in Fighting
  2558 | D:2      | Reached skill level 6 in Unarmed Combat
  2663 | D:3      | Reached XP level 6. HP: 44/52 MP: 5/5
  2667 | D:3      | Killed Robin
  2773 | D:3      | You add the spells Ignite Poison, Sticky Flame and Ignition
                  | to your library.
  3280 | D:4      | You pick up a book of Flames and begin reading...
  3280 | D:4      | You add the spells Inner Flame and Flame Wave to your
                  | library.
  3581 | D:4      | Found an iron altar of Okawaru.
  3583 | D:4      | You pick up a book of Dreams and begin reading...
  3583 | D:4      | You add the spells Ensorcelled Hibernation and Anguish to
                  | your library.
  3661 | D:4      | Noticed a black bear
  3668 | D:4      | Killed a black bear
  3669 | D:4      | Reached skill level 7 in Unarmed Combat
  3669 | D:4      | Reached XP level 7. HP: 38/60 MP: 6/6
  3920 | D:4      | Reached skill level 5 in Fighting
  4162 | D:4      | Found a runed translucent gate.
  4162 | D:4      | Found a runed translucent gate.
  4163 | D:4      | Found a runed translucent gate.
  4168 | D:4      | Noticed qtw55's ghost (novice GrEE)
  4603 | D:4      | Reached skill level 8 in Unarmed Combat
  4874 | D:5      | Entered Level 5 of the Dungeon
  4954 | D:5      | Found a broken altar of Ashenzari.
  4954 | D:5      | Found an opulent altar of Gozag.
  5008 | D:5      | Reached XP level 8. HP: 56/70 MP: 7/7
  5132 | D:5      | You pick up a book of Frost and begin reading...
  5132 | D:5      | You add the spells Freeze, Frozen Ramparts and Hailstorm to
                  | your library.
  5192 | D:5      | Reached skill level 6 in Fighting
  5231 | D:5      | Found Rin Bif's Assorted Antiques.
  5266 | D:5      | Reached skill level 9 in Unarmed Combat
  5269 | D:5      | Bought 2 brown potions for 39 gold pieces
  5269 | D:5      | Bought a grey potion for 19 gold pieces
  5886 | D:6      | Reached skill level 10 in Unarmed Combat
  6005 | D:6      | Reached skill level 7 in Fighting
  6143 | D:6      | Reached XP level 9. HP: 79/79 MP: 8/8
  6503 | D:6      | Reached skill level 11 in Unarmed Combat
  6611 | D:7      | HP: 9/81 [wight/+0 halberd (12)]
  6614 | D:7      | Reached skill level 8 in Fighting
  6913 | D:7      | Found a stormy altar of Qazlal.
  7016 | D:7      | You pick up a book of Winter and begin reading...
  7016 | D:7      | You add the spells Ozocubu's Armour, Metabolic Englaciation
                  | and Simulacrum to your library.
  7544 | D:7      | Identified the +2 ring mail of Existentialism {rPois Will+
                  | Dex+4}
  7552 | D:7      | HP: 7/82 [orc warrior/+0 glaive (16)]
  7926 | D:7      | HP: 19/82 [orc warrior/bolt (20)]
  7929 | D:7      | Reached skill level 12 in Unarmed Combat
  8110 | D:7      | Found a staircase to the Ecumenical Temple.
  8119 | Temple   | Entered the Ecumenical Temple
  8146 | Temple   | Became a worshipper of the Wu Jian Council
  8325 | D:8      | Reached skill level 1 in Armour
  8325 | D:8      | Reached skill level 3 in Dodging
  8339 | D:8      | Reached XP level 10. HP: 47/90 MP: 9/9
  8618 | D:8      | Reached skill level 2 in Armour
  8622 | D:8      | Reached skill level 9 in Fighting
  8788 | D:8      | Reached skill level 4 in Dodging
  8791 | D:8      | Reached skill level 13 in Unarmed Combat
  9079 | D:8      | You pick up a book of Unlife and begin reading...
  9079 | D:8      | You add the spells Animate Dead, Borgnjor's Vile Clutch and
                  | Death Channel to your library.
  9114 | D:8      | Reached * piety under Wu Jian
  9408 | D:8      | Reached skill level 3 in Armour
  9663 | D:8      | magus.rc [v1.11.3]
  9819 | D:9      | Found a staircase to the Lair.
  9929 | D:9      | Found a staircase to the Orcish Mines.
 10891 | D:10     | Entered Level 10 of the Dungeon
 10908 | D:10     | Reached XP level 11. HP: 99/99 MP: 10/10
 10927 | D:10     | Reached skill level 4 in Armour
 10927 | D:10     | Reached skill level 5 in Dodging
 10934 | D:10     | Reached skill level 10 in Fighting
 10990 | D:10     | Found a snail-covered altar of Cheibriados.
 11007 | D:10     | Reached skill level 14 in Unarmed Combat
 11022 | D:10     | HP: 17/99 [tyrant leech (24)]
 11027 | D:10     | Mangled by a tyrant leech

Vanquished Creatures
  2 trolls (D:9)
  A tyrant leech (D:10)
  15 yaks
  2 steam dragons
  A wyvern (D:9)
  3 vampire mosquitoes (D:10)
  A water moccasin (D:8)
  3 orc warriors
  An ice beast (D:6)
  5 black bears
  2 sky beasts
  2 ogres
  4 centaurs
  3 phantoms
  2 bullfrogs
  3 kobold brigands
  A scorpion (D:6)
  2 gnoll sergeants
  10 wights
  6 killer bees (D:8)
  3 hounds
  2 jellies (D:6)
  4 orc priests
  3 iguanas
  3 orc wizards
  Robin (D:3)
  6 adders
  21 gnolls
  3 white imps
  2 ufetubi
  3 worms (D:4)
  31 orcs
  5 endoplasms
  3 giant cockroaches
  14 goblins
  10 hobgoblins
  5 jackals (D:1)
  26 kobolds
  4 quokkas
  5 ball pythons
  5 bats (D:1)
  2 frilled lizards (D:1)
  5 rats
235 creatures vanquished.

Vanquished Creatures (others)
  5 orcs (D:7)
5 creatures vanquished.

Grand Total: 240 creatures vanquished

Table legend:
 A = Non-vault XP
 B = Vault XP
 C = Vault XP percentage of total XP
 D = Non-vault monster count
 E = Vault monster count
 F = Vault count percentage of total count
                 A         B        C        D         E       F
            +---------+---------+-------+---------+---------+-------
      Total |    9451 |    1172 |  11.0 |     216 |      19 |   8.1
            +---------+---------+-------+---------+---------+-------
        D:1 |      64 |       0 |   0.0 |      30 |       0 |   0.0
        D:2 |     138 |       0 |   0.0 |      15 |       0 |   0.0
        D:3 |     202 |      36 |  15.1 |      26 |      12 |  31.6
        D:4 |     611 |       0 |   0.0 |      30 |       0 |   0.0
        D:5 |     559 |       0 |   0.0 |      10 |       0 |   0.0
        D:6 |    1180 |     121 |   9.3 |      26 |       1 |   3.7
        D:7 |     999 |       0 |   0.0 |      17 |       0 |   0.0
        D:8 |    3149 |     193 |   5.8 |      44 |       2 |   4.3
        D:9 |    1543 |       0 |   0.0 |      13 |       0 |   0.0
       D:10 |    1006 |     822 |  45.0 |       5 |       4 |  44.4
            +---------+---------+-------+---------+---------+-------

Illustrated notes

Table legend:
 A = Kills in this place as a percentage of kills in entire the game.
 B = Kills by you in this place as a percentage of kills by you in the entire game.
 C = Kills by friends in this place as a percentage of kills by friends in the entire game.
 D = Other kills in this place as a percentage of other kills in the entire game.
 E = Experience gained in this place as a percentage of experience gained in the entire game.
 F = Experience gained in this place divided by the number of levels of this place that you have seen.
                   A       B       C       D       E      F
               +-------+-------+-------+-------+-------+----------------------
         Total | 100.0 | 100.0 |   N/A |   N/A | 100.0 | 965.7
       Dungeon | 100.0 | 100.0 |   N/A |   N/A | 100.0 | 1062.3
               +-------+-------+-------+-------+-------+----------------------

Table legend: (Time is in decaauts)
 A = Elapsed time spent in this place.
 B = Non-inter-level travel time spent in this place.
 C = Inter-level travel time spent in this place.
 D = Time resting spent in this place.
 E = Time spent auto-exploring this place.
 F = Levels seen in this place.
 G = Mean time per level.
                   A        B        C        D        E       F      G
               +--------+--------+--------+--------+--------+-----+--------+
         Total |  10900 |  10561 |    339 |   1062 |   8056 |  11 |  990.9 |
       Dungeon |  10863 |  10533 |    330 |   1062 |   8044 |  10 | 1086.3 |
        Temple |     36 |     27 |      9 |      0 |     12 |   1 |   36.0 |
               +--------+--------+--------+--------+--------+-----+--------+

Top non-repeatable levels by time:
     D:4: 1508 daAuts
     D:7: 1486 daAuts
     D:8: 1361 daAuts
     D:2: 1255 daAuts
     D:9: 1177 daAuts
     D:3: 1157 daAuts
     D:6: 1097 daAuts
     D:1: 920 daAuts
     D:5: 779 daAuts
    D:10: 119 daAuts
  Temple: 36 daAuts
